 Dungeon Sprint DCSS version 0.17-a0-1337-ge651487 (webtiles) character file.

3073 Kidiri the Covert (level 9, -6/39 HPs)
             Began as a Spriggan Enchanter on June 10, 2015.
             Shot with a bolt by a yaktaur (29 damage)
             ... in the Dungeon (Sprint II: "The Violet Keep of Menkaure").
             The game lasted 00:12:43 (2231 turns).

Kidiri the Covert (Spriggan Enchanter)              Turns: 2231, Time: 00:12:43

Health: -6/39      AC:  4    Str:  4    XL:     9   Next: 58%
Magic:  32/34      EV: 33    Int: 18    God:
Gold:   421        SH:  0    Dex: 23    Spells: 5 memorised, 19 levels left

rFire  . . .     SeeInvis +     a - +1 dagger
rCold  . . .     Clarity  .     b - +1 robe
rNeg   + . .     SustAt   .     (shield restricted)
rPois  .         Gourm    .     e - +0 hat "Jerisetz" {rElec rN+} (curse)
rElec  +         Spirit   .     m - +0 cloak
rCorr  .         Warding  .     (gloves unavailable)
rMut   .         NoTele   +     (boots unavailable)
MR     +....                    (no amulet)
Stlth  +++++++...               l - +5 ring of dexterity
                                q - ring of magical power

@: very quick, somewhat resistant to hostile enchantments, extremely stealthy
A: unfitting armour, see invisible, herbivore 3, speed 3, slow metabolism 2
a: no special abilities


You were in the Dungeon.
You were not hungry.

You visited 1 branch You collected 1161 gold pieces.
You spent 740 gold pieces at shops.

Inventory:

Hand weapons
 a - a +1 dagger (weapon)
Armour
 b - a +1 robe (worn)
 e - the cursed +0 hat "Jerisetz" (worn) {rElec rN+}
   (You bought it in a shop in the Dungeon)

   It insulates you from electricity.
   It protects you from negative energy.
   It has a curse placed upon it.
 m - a +0 cloak (worn)
Jewellery
 k - a +3 ring of dexterity
 l - a +5 ring of dexterity (right hand)
 q - a ring of magical power (left hand)
 r - an uncursed ring of ice
Scrolls
 j - a scroll of blinking
 u - a scroll of fear {unknown}
 v - a scroll of amnesia {unknown}
 x - a scroll of enchant weapon {unknown}
 y - a scroll of remove curse {unknown}
 A - a scroll of enchant armour {unknown}
Potions
 f - a potion of heal wounds
 g - 2 potions of haste
 h - 6 potions of magic
 i - a potion of berserk rage
 n - 4 potions of flight
 o - a potion of brilliance
 p - 3 potions of curing
 t - 3 potions of resistance
 w - a potion of agility
 z - a potion of lignification
Books
 c - a book of Maledictions

   Spells                             Type                      Level
   a - Corona                         Hexes                        1
   b - Ensorcelled Hibernation        Hexes/Ice                    2
   c - Confuse                        Hexes                        3
   d - Tukima's Dance                 Hexes                        3
   e - Dazzling Spray                 Conjuration/Hexes            3
Comestibles
 d - 3 bread rations


   Skills:
 * Level 10.5 Short Blades
 * Level 13.6 Dodging
 * Level 14.8 Stealth
 * Level 11.8 Spellcasting
 + Level 4.6 Conjurations
 + Level 9.0 Hexes
 + Level 5.4 Ice Magic


You had 19 spell levels left.
You knew the following spells:

 Your Spells              Type           Power        Failure   Level  Hunger
a - Corona                Hex            #####..      1%          1    None
b - Ensorcelled Hibernat  Hex/Ice        #####.       1%          2    None
c - Confuse               Hex            #####...     1%          3    None
d - Tukima's Dance        Hex            #####...     1%          3    None
e - Dazzling Spray        Conj/Hex       #####...     1%          3    None


Dungeon Overview and Level Annotations

Branches:
Dungeon (1/1)

Altars:
Cheibriados
Dithmenos
Elyvilon
Fedhas
Gozag
Kikubaaqudgha
Makhleb
Nemelex Xobeh
Okawaru
Qazlal
Ru
Sif Muna
Trog
Vehumet
Xom
Yredelemnul
Zin
The Shining One
Beogh
Jiyva
Lugonu

Shops:
D [?:==%!!!(![(:}%

Annotations:
D exclusions: ice statue and oklob plant, Menkaure


Innate Abilities, Weirdness & Mutations

You are tiny and cannot use many weapons and most armour.
You have supernaturally acute eyesight.
You are a herbivore.
You cover ground extremely quickly.
You need consume almost no food.


Message History

The yaktaur wields an arbalest.
The yaktaur shoots a bolt.
The bolt hits you!
Found a corrupted altar of Lugonu and a stormy altar of Qazlal.
You see here a bolt.
Casting: Confuse
Confirm with . or Enter, or press ? or * to list all spells.
Aiming: Confuse
Press: ? - help, Shift-Dir - straight line, f - yaktaur
Aim: a yaktaur, wielding an arbalest (chance to defeat MR: 51%)
Okay, then.
Unknown command.
Casting: Confuse
Confirm with . or Enter, or press ? or * to list all spells.
Aiming: Ensorcelled Hibernation
Press: ? - help, Shift-Dir - straight line, f - yaktaur
Aim: a yaktaur, wielding an arbalest (chance to defeat MR: 47%)
The yaktaur looks drowsy...
The polar bear growls angrily.
The yaktaur shoots a bolt.
The bolt hits you!!
Ouch! That really hurt!
You die...

.# ...# ^..####▓.(...(..▓▓
####..## #..# .#▓.(..)...▓▓
##.##..# +k.# .#▓..(()...▓▓
#..##..# #..# .#▓)..)((.(▓▓
+##.+..####..##.#▓..()....▓▓
#..##....###(..##▓▓▓▓▓▓▓+▓▓▓▓+▓
##.##≈.....≈≈≈≈≈≈≈≈≈≈≈≈≈...≈≈≈▓
####≈≈....§≈#'########+###.≈M≈▓
.#≈≈≈≈≈≈≈..≈#.(.@._.c#≈≈≈##≈≈≈▓
##≈≈§§≈≈≈§.≈#...._._.#≈§≈§####▓
#≈≈§§≈≈≈§§§≈#..._._._#§§§§§
≈≈≈≈≈≈≈≈≈≈§§#.._._._.#§§≈§§≈
++#≈≈§≈≈≈≈§≈#.⌠._._._#§§≈§§≈ ≈
##≈≈≈###§§#.._._._.#§§≈§§ §≈≈
#§§# #§§#._._._..#§§ §§§≈+≈≈#
§§#.._._...#≈§ §§≈##


You could see a yaktaur and a swamp drake (wandering).

Vanquished Creatures
  A kraken (D)
  2 polar bears (D)
  A blink frog (D)
  2 boulder beetles (D)
  2 hippogriffs (D)
  A wasp (D)
  2 crocodiles (D)
  4 worker ants (D)
  3 worms (D)
18 creatures vanquished.

Notes
Turn   | Place    | Note
--------------------------------------------------------------
     0 | D        | Kidiri the Spriggan Enchanter began the quest for the Orb.
     0 | D        | Reached XP level 1. HP: 9/9 MP: 5/5
    11 | D        | Reached skill level 5 in Stealth
   203 | D        | Reached XP level 2. HP: 1/13 MP: 3/7
   207 | D        | Learned a level 2 spell: Ensorcelled Hibernation
   509 | D        | Noticed a boulder beetle
   509 | D        | Noticed a boulder beetle
   513 | D        | Noticed a hippogriff
   513 | D        | Noticed a hippogriff
   517 | D        | Noticed a worker ant
   517 | D        | Noticed a worker ant
   517 | D        | Noticed a worker ant
   517 | D        | Noticed a worker ant
   519 | D        | Killed a worker ant
   519 | D        | Reached skill level 5 in Dodging
   519 | D        | Reached skill level 6 in Stealth
   519 | D        | Reached XP level 3. HP: 16/16 MP: 5/9
   521 | D        | Killed a worker ant
   521 | D        | Reached skill level 1 in Ice Magic
   523 | D        | Killed a worker ant
   523 | D        | Reached skill level 7 in Stealth
   523 | D        | Reached skill level 5 in Spellcasting
   523 | D        | Reached XP level 4. HP: 21/21 MP: 1/12
   538 | D        | Killed a worker ant
   558 | D        | Learned a level 3 spell: Confuse
   562 | D        | Learned a level 3 spell: Tukima's Dance
   566 | D        | Learned a level 3 spell: Dazzling Spray
   636 | D        | Killed a boulder beetle
   636 | D        | Reached skill level 8 in Dodging
   636 | D        | Reached skill level 9 in Stealth
   636 | D        | Reached skill level 1 in Conjurations
   636 | D        | Reached skill level 5 in Hexes
   636 | D        | Reached XP level 5. HP: 14/24 MP: 6/15
   636 | D        | Reached XP level 6. HP: 16/28 MP: 6/17
   777 | D        | Killed a hippogriff
   777 | D        | Reached skill level 10 in Stealth
   781 | D        | Killed a hippogriff
   781 | D        | Reached skill level 10 in Dodging
   781 | D        | Reached skill level 11 in Stealth
   781 | D        | Reached XP level 7. HP: 9/32 MP: 12/20
  1122 | D        | Killed a boulder beetle
  1298 | D        | Noticed a flying skull
  1299 | D        | Noticed a flying skull
  1299 | D        | Noticed a flying skull
  1299 | D        | Noticed a flying skull
  1299 | D        | Noticed a flying skull
  1299 | D        | Noticed a flying skull
  1299 | D        | Noticed a flying skull
  1300 | D        | Noticed a flying skull
  1300 | D        | Noticed a flying skull
  1300 | D        | Noticed a crocodile
  1302 | D        | Noticed a flying skull
  1302 | D        | Killed a crocodile
  1303 | D        | Noticed a flying skull
  1303 | D        | Noticed a flying skull
  1320 | D        | Found Ymomugg's Antique Armour Shop.
  1320 | D        | Found Reulaull's Distillery.
  1320 | D        | Found Iviron's Book Shop.
  1320 | D        | Found Esill's Antique Weapon Boutique.
  1320 | D        | Found Dij Ebb's Food Shop.
  1320 | D        | Found Daepp's Distillery.
  1320 | D        | Found Bacoc's Distillery.
  1320 | D        | Found Tautru's Antique Weapon Boutique.
  1320 | D        | Found Myjyen's Gadget Boutique.
  1321 | D        | Found Ifujyli's Distillery.
  1321 | D        | Found Cekhir's Food Boutique.
  1321 | D        | Noticed a spiny frog
  1323 | D        | Found Wein's Jewellery Boutique.
  1323 | D        | Found Arhiotugai's Jewellery Shop.
  1323 | D        | Noticed a spiny frog
  1323 | D        | Noticed an oklob plant
  1324 | D        | Found Joaxif's Magic Scroll Shop.
  1324 | D        | Found Colubo's Book Shoppe.
  1324 | D        | Found Haurif's Antique Armour Boutique.
  1324 | D        | Noticed an unseen horror
  1325 | D        | Noticed an unseen horror
  1332 | D        | Noticed an iron elemental
  1365 | D        | Bought a crude hat for 171 gold pieces
  1370 | D        | Identified the cursed +0 hat "Jerisetz" {rElec rN+} (You bought it in a shop in the Dungeon)
  1376 | D        | Bought a +3 ring of dexterity for 157 gold pieces
  1376 | D        | Bought a +5 ring of dexterity for 412 gold pieces
  1394 | D        | Noticed a blink frog
  1396 | D        | Killed a blink frog
  1396 | D        | Reached skill level 12 in Stealth
  1416 | D        | Noticed an ice statue
  1439 | D        | Noticed a kraken
  1440 | D        | Noticed a crocodile
  1465 | D        | Killed a crocodile
  1544 | D        | Killed a kraken
  1544 | D        | Reached skill level 10 in Short Blades
  1544 | D        | Reached skill level 13 in Dodging
  1544 | D        | Reached skill level 14 in Stealth
  1544 | D        | Reached skill level 5 in Ice Magic
  1544 | D        | Reached XP level 8. HP: 18/36 MP: 20/24
  1544 | D        | Reached XP level 9. HP: 19/39 MP: 20/25
  1712 | D        | Found a shadowy altar of Dithmenos.
  1713 | D        | Found a viscous altar of Jiyva.
  1713 | D        | Found an iron altar of Okawaru.
  1713 | D        | Found a snail-covered altar of Cheibriados.
  1714 | D        | Found a shimmering altar of Xom.
  1714 | D        | Found an opulent altar of Gozag.
  1714 | D        | Found a burning altar of Makhleb.
  1715 | D        | Found a bloodstained altar of Trog.
  1715 | D        | Found an ancient bone altar of Kikubaaqudgha.
  1715 | D        | Found a sparkling altar of Nemelex Xobeh.
  1716 | D        | Found a glowing silver altar of Zin.
  1716 | D        | Found a glowing golden altar of the Shining One.
  1716 | D        | Noticed a swamp drake
  1717 | D        | Noticed a death drake
  1718 | D        | Noticed a crystal guardian
  1718 | D        | Noticed a swamp drake
  1719 | D        | Found a radiant altar of Vehumet.
  1719 | D        | Found a white marble altar of Elyvilon.
  1719 | D        | Found a sacrificial altar of Ru.
  1719 | D        | Found a deep blue altar of Sif Muna.
  1719 | D        | Noticed a polar bear
  1720 | D        | Noticed a polar bear
  1720 | D        | Noticed a polar bear
  1720 | D        | Noticed a yaktaur
  1720 | D        | Noticed a wasp
  1722 | D        | Noticed a crocodile
  1727 | D        | Noticed a crocodile
  1728 | D        | Noticed Menkaure
  2162 | D        | Killed a polar bear
  2177 | D        | Killed a polar bear
  2225 | D        | Killed a wasp
  2227 | D        | Found a blossoming altar of Fedhas.
  2227 | D        | Found a basalt altar of Yredelemnul.
  2227 | D        | Found a roughly hewn altar of Beogh.
  2228 | D        | Found a corrupted altar of Lugonu.
  2228 | D        | Found a stormy altar of Qazlal.
  2231 | D        | Shot with a bolt by a yaktaur

Vault maps used:
D:        the_violet_keep_of_menkaure

Action                   |  1- 3 |  4- 6 |  7- 9 || total
-------------------------+-------+-------+-------++-------
Melee: Dagger            |    20 |    13 |    33 ||    66
 Cast: Corona            |     3 |     1 |       ||     4
       Ensorcelled Hiber |     3 |     9 |    14 ||    26
       Confuse           |       |       |     8 ||     8
  Use: Potion            |       |     1 |       ||     1
       Scroll            |       |       |     5 ||     5
 Stab: Sleeping          |     5 |     4 |     5 ||    14
       Confused          |       |       |     8 ||     8
       Fleeing           |       |       |     1 ||     1
       Distracted        |       |       |     1 ||     1
